 Dungeon Crawl Stone Soup version 0.29.1-4-g47bece8355 (webtiles) character file.

Game seed: 505471890415017534

111 concernfroge the Trooper (level 4, -5/39 HPs)
             Began as a Mummy Monk on Dec 4, 2022.
             Splashed by a jelly's acid (8 damage)
             ... on level 2 of the Dungeon.
             The game lasted 00:03:52 (1999 turns).

concernfroge the Trooper (Mummy Monk)               Turns: 1999, Time: 00:03:52

Health: -5/39      AC: -2    Str: 16    XL:     4   Next: 62%
Magic:  4/4        EV: 10    Int:  9    God:
Gold:   148        SH:  0    Dex: 14    Spells: 3/3 levels left

rFire   x . .      SeeInvis .   d - +3 dagger
rCold   + . .      Faith    .   (no shield)
rNeg    + + +      Spirit   .   g - +0 scale mail
rPois   ∞          Reflect  .   (no helmet)
rElec   .          Harm     .   (no cloak)
rCorr   .          Rampage  .   (no gloves)
Will    .....                   (no boots)
Stlth   ..........              (no amulet)
HPRegen 0.13/turn               (no ring)
MPRegen 0.09/turn               (no ring)

@: corroded
A: cold resistance 1, negative energy resistance 3, torment resistance 2, heat
vulnerability 1, in touch with death 1, no potions
a: no special abilities


You were on level 2 of the Dungeon.
You visited 1 branch of the dungeon, and saw 2 of its levels.

You collected 148 gold pieces.

Inventory:

Hand Weapons
 a - a +0 spear
 d - a +3 dagger (weapon)
Missiles
 e - 2 silver javelins (quivered)
 k - 6 atropa-tipped darts
Armour
 g - a +0 scale mail (worn)
Jewellery
 l - a ring of magical power
Scrolls
 c - a scroll of enchant armour {unknown}
 f - a scroll of identify {unknown}
 h - a scroll of silence {unknown}
 i - a scroll of noise {unknown}
 j - a scroll of fog {unknown}
 m - a scroll of poison {unknown}


   Skills:
 + Level 5.4 Fighting
 - Level 2.4 Polearms
 - Level 2.4 Dodging
 - Level 1.5 Stealth


You had 3 spell levels left.
You didn't know any spells.
Your spell library contained the following spells:

 Spells                   Type           Power      Damage    Failure   Level
 Ozocubu's Armour         Ice            0%         N/A       99%         3
 Ozocubu's Refrigeration  Ice            0%         4d7       100%        7


Dungeon Overview and Level Annotations

Branches:
Dungeon (2/15)

Altars:

Shops:
D:1 *


Innate Abilities, Weirdness & Mutations

You are immune to poison.
Your flesh is cold resistant. (rC+)
You are immune to negative energy. (rN+++)
You are immune to unholy pain and torment.
You are vulnerable to heat. (rF-)
You are in touch with the powers of death.
You do not drink.


Message History

The endoplasm quivers.
The endoplasm hits you but does no damage.
You hit the endoplasm.
The endoplasm is lightly wounded.
The endoplasm closely misses you.
You hit the endoplasm.
You kill the endoplasm!
No target in view!
No target in view!
No target in view!
There is an open gate here.
There is an open door here.
The jelly quivers.
The jelly hits you. The acid corrodes you!
You are splashed with acid!
You hit the jelly but do no damage.
Your hands burn!
The jelly hits you but does no damage.
You hit the jelly. The acid corrodes you!
Your hands burn!
The jelly is moderately wounded.
The jelly barely misses you.
You hit the jelly but do no damage.
Your hands burn!
You punch the jelly, but do no damage.
The jelly is moderately wounded.
The jelly hits you.
You are splashed with acid!
* * * LOW HITPOINT WARNING * * *
You are too injured to fight recklessly!
You are too injured to fight recklessly!
You are too injured to fight recklessly!
Okay, then.
You aren't carrying any items that you can evoke.
Okay, then.
Throw: 3 javelins (silver)
Press: ? - help, Q - select action, (/) - cycle Shift-Dir - straight line, f - jelly
Aim: a jelly (moderately wounded, 90% to hit)
You throw a silver javelin.
The silver javelin pierces through the jelly but does no damage.
The jelly is moderately wounded.
The jelly hits you.
* * * LOW HITPOINT WARNING * * *
You are splashed with acid!
You die...

......#########.# ####### #.#
#.####### #.......# #########
###### ####### ########### #...>.
......# #######.##.....)####.....
.########....#.#.#.P÷...##.....!.
.####.##.....#.#@#.....÷####..)..
.##...'......#'#J#JP..PP# #.....
.##...'........#.#J.....# ###.##
.##.#.'........#.#JJ..PP# #.#
.##.#.##.......#(#J.....# #.#
......###......##(.JJ.÷P# #.#
.##)### ##########.J÷.÷.# #.##
.##.# ####### ######## #.#. .##.#
#.....## ### #.#.


You could see a jelly.

Vanquished Creatures
  A jelly (D:2)
  2 adders (D:2)
  A dart slug (D:2)
  3 ball pythons
  3 bats
  9 endoplasms
  2 giant cockroaches (D:1)
  6 goblins
  2 hobgoblins (D:2)
  3 jackals (D:2)
  9 kobolds
  5 quokkas
  5 frilled lizards
  6 rats
57 creatures vanquished.

Vanquished Creatures (others)
  5 fungi (D:2)
  7 toadstools (D:2)
12 creatures vanquished.

Grand Total: 69 creatures vanquished

Notes
Turn   | Place    | Note
-------+----------+-------------------------------------------
     0 | D:1      | concernfroge the Mummy Monk began the quest for the Orb.
     0 | D:1      | Reached XP level 1. HP: 18/18 MP: 1/1
   135 | D:1      | Reached XP level 2. HP: 16/24 MP: 2/2
   346 | D:1      | Found Souzif's Assorted Antiques.
   541 | D:1      | Found a faded altar of an unknown god.
   639 | D:1      | Reached skill level 4 in Fighting
   890 | D:2      | Gained mutation: You are in touch with the powers of death.
                  | [Mummy growth]
   890 | D:2      | Reached XP level 3. HP: 30/30 MP: 3/3
  1260 | D:2      | Reached skill level 5 in Fighting
  1260 | D:2      | Reached XP level 4. HP: 7/39 MP: 4/4
  1999 | D:2      | Splashed by a jelly's acid

Illustrated notes

Levels and vault maps discovered:
D:1:      moated_graveyard_arrival, layout_basic,
          shapermc_ecumenical_altar_mp_highgroup, serial_shops, shop
D:2:      cheibrodos_fertilizer, layout_loops_ring

Skill      XL: |  1  2  3 |
---------------+----------+-----
Fighting       | 4 5 |  5.4
Polearms       | |  2.4
Dodging        | |  2.4
Stealth        | |  1.5

Action                   |  1- 3 |  4- 6 || total
-------------------------+-------+-------++-------
Melee: Spear             |    30 |       ||    30
       Dagger            |   104 |    32 ||   136
       Punch             |       |     1 ||     1
Throw: Javelin           |     3 |     1 ||     4
  Use: Scroll            |       |     1 ||     1
 Stab: Sleeping          |     2 |       ||     2
Armor: Robe              |     5 |       ||     5
       Scale mail        |    46 |     9 ||    55
Dodge: Dodged            |    59 |    14 ||    73
